 Dungeon Crawl Stone Soup version 0.30.0-13-g156ef70053 (webtiles) character file.

Game seed: 14616480064287491857

121788 Chodeload the Warrior (level 16, -3/143 HPs)
             Began as a Barachi Wanderer on May 17, 2023.
             Was an Initiate of Gozag.
             Slain by an alligator (11 damage)
             ... while paralysed by a hornet
             ... on level 3 of the Swamp.
             The game lasted 01:33:34 (22140 turns).

Chodeload the Warrior (Barachi Wanderer)           Turns: 22140, Time: 01:33:35

Health: -3/143     AC: 25    Str: 19    XL:     16   Next: 86%
Magic:  25/25      EV: -1    Int: 11    God:    Gozag
Gold:   3060       SH:  0    Dex: 14    Spells: 10/15 levels left

rFire   + . .        a - +8 broad axe (flame)
rCold   + . .        E - +1 kite shield {rC+}
rNeg    + . .        w - +3 chain mail {rPois}
rPois   +            P - +2 hat {Stlth+}
rElec   +            S - scarf of Duty {repulsion, rElec Will+ Regen+ Dex-2}
rCorr   +            R - +0 pair of gloves
SInv    .            d - +0 pair of boots "Ururulaji" {Will+}
Will    +++..        O - amulet of Jemmechi {Acrobat rF+ rN+ rCorr MP+9} Stlth
                     D - +4 ring of slaying
HPRegen 1.23/turn    k - +4 ring of protection
MPRegen 0.19/turn

%: repel missiles, acrobat
@: paralysed, grasped by roots, gold aura, slowed, constricted, studying Hexes,
slow
A: amphibious, slowness 1, strong legs 2, +LOS
a: Hop, Renounce Religion, Potion Petition, Call Merchant, Bribe Branch


You were on level 3 of the Swamp.
You worshipped Gozag.
Gozag was most pleased with you.
You visited 5 branches of the dungeon, and saw 26 of its levels.

You collected 7413 gold pieces.
You spent 2021 gold pieces at shops.
You paid 2332 gold pieces to Gozag.

Inventory:

Hand Weapons
 a - a +8 broad axe of flaming (weapon)
Missiles
 n - 12 curare-tipped darts (quivered)
 y - 2 throwing nets
 Z - 4 silver boomerangs
Armour
 d - the +0 pair of boots "Ururulaji" (worn) {Will+}
   (You bought it in a shop on level 9 of the Dungeon)

   Will:      It increases your willpower.
 w - a +3 chain mail of poison resistance (worn)
 E - a +1 kite shield of cold resistance (worn)
 P - a +2 hat of stealth (worn)
 R - a +0 pair of gloves (worn)
 S - the scarf of Duty (worn) {repulsion, rElec Will+ Regen+ Dex-2}
   (You bought it in a shop on level 9 of the Dungeon)

   Dex:       It affects your dexterity (-2).
   rElec:     It insulates you from electricity.
   Regen:     It increases your rate of health regeneration.
   Will:      It increases your willpower.
Jewellery
 k - a +4 ring of protection (right hand)
 D - a +4 ring of slaying (left hand)
 J - a ring of positive energy
 M - a ring of protection from cold
 O - the amulet of Jemmechi (around neck) {Acrobat rF+ rN+ rCorr MP+9}
   (You acquired it on level 2 of the Orcish Mines)

   [amulet of the acrobat]

   It increases your evasion while moving and waiting.
   rF:        It protects you from fire.
   rN:        It protects you from negative energy.
   MP:        It affects your magic capacity (+9).
   rCorr:     It protects you from acid and corrosion.
 Y - a ring of protection from fire
Wands
 p - a wand of charming (15)
 u - a wand of light (4)
 H - a wand of iceblast (39)
Scrolls
 f - 14 scrolls of teleportation
 i - 7 scrolls of blinking
 l - 5 scrolls of fog
 o - 4 scrolls of vulnerability
 r - a scroll of silence
 s - 8 scrolls of fear
 v - 3 scrolls of poison
 x - 2 scrolls of immolation
 C - a scroll of magic mapping
 G - 4 scrolls of enchant armour
 K - a scroll of brand weapon
 L - 3 scrolls of summoning
 W - 4 scrolls of amnesia
Potions
 g - 6 potions of lignification
 h - 15 potions of mutation
 j - 3 potions of might
 m - 6 potions of haste
 q - 18 potions of curing
 t - 2 potions of attraction
 z - 4 potions of berserk rage
 A - 2 potions of resistance
 B - 4 potions of flight
 F - 3 potions of ambrosia
 I - a potion of invisibility
 N - 11 potions of heal wounds
 Q - 8 potions of brilliance
 V - 2 potions of cancellation
 X - 3 potions of magic
Miscellaneous
 U - a condenser vane


   Skills:
 + Level 17.9 Fighting
 - Level 3.2 Short Blades
 - Level 17.7(18.0) Axes
 - Level 4.7(12.5) Maces & Flails
 - Level 15.0 Armour
 - Level 10.0 Dodging
 - Level 10.0 Shields
 - Level 3.0 Translocations
 - Level 1.0 Invocations
 - Level 10.0 Evocations


You had 10 spell levels left.
You knew the following spells:

 Your Spells              Type           Power      Damage    Failure   Level
a - Apportation           Tloc           12%        N/A       67%         1
b - Blink                 Tloc           12%        N/A       80%         2
c - Lesser Beckoning      Tloc           12%        N/A       80%         2

Your spell library contained the following spells:

 Spells                   Type           Power      Damage    Failure   Level
 Momentum Strike          Conj/Tloc      6%         3d8       95%         2
 Beastly Appendage        Tmut           0%         N/A       97%         1
 Foxfire                  Conj/Fire      0%         2x1d4     97%         1
 Magic Dart               Conj           0%         1d3       97%         1
 Call Imp                 Summ           0%         N/A       99%         2
 Ensorcelled Hibernation  Hex/Ice        0%         N/A       99%         2
 Passwall                 Tmut/Erth      0%         N/A       99%         2
 Wereblood                Tmut           0%         N/A       99%         2
 Portal Projectile        Hex/Tloc       6%         N/A       99%         3
 Mephitic Cloud           Conj/Pois/Air  0%         N/A       100%        3
 Spider Form              Tmut/Pois      0%         N/A       100%        3
 Summon Guardian Golem    Hex/Summ       0%         N/A       100%        3
 Swiftness                Air            0%         N/A       100%        3
 Tukima's Dance           Hex            0%         N/A       100%        3
 Manifold Assault         Tloc           6%         N/A       100%        4
 Olgreb's Toxic Radiance  Pois           0%         N/A       100%        4
 Alistair's Intoxication  Tmut/Pois      0%         N/A       100%        5
 Blade Hands              Tmut           0%         N/A       100%        5
 Fireball                 Conj/Fire      0%         3d3       100%        5
 Plasma Beam              Fire/Air       0%         2x1d11    100%        6
 Starburst                Conj/Fire      0%         6d3       100%        6
 Orb of Destruction       Conj           0%         9d5       100%        7
 Spellforged Servitor     Conj/Summ      0%         N/A       100%        7
 Storm Form               Tmut/Air       0%         N/A       100%        7
 Discord                  Hex            0%         N/A       100%        8
 Ignition                 Fire           0%         3d3       100%        8


Dungeon Overview and Level Annotations

Branches:
Dungeon (15/15)            Temple (1/1) D:6            Lair (5/5) D:11
  Swamp (3/4) Lair:2       Spider (0/4) Lair:2        Slime (0/5) Lair:4
    Orc (2/2) D:9             Elf (0/3) Orc:2        Vaults (0/5) D:14
 Depths (0/4) D:15

Altars:
Ashenzari
Cheibriados
Dithmenos
Elyvilon
Fedhas
Gozag
Hepliaklqana
Kikubaaqudgha
Makhleb
Nemelex Xobeh
Okawaru
Qazlal
Ru
Sif Muna
Trog
Uskayaw
Vehumet
Wu Jian
Xom
Yredelemnul
Zin
The Shining One
Lugonu

Shops:
D:9 [?   D:15 *   Orc:2 *([**?

Portals:
Abyss: Lair:5
Trove: D:15 (give +7 demon blade)

Annotations:
D:7 exclusion: downstairs
D:12 exclusion: downstairs
Lair:2 exclusion: downstairs
Swamp:2 exclusion: 2 downstairs


Innate Abilities, Weirdness & Mutations

You are amphibious.
You cover ground slowly.
You can hop long distances.
You have an extended range of vision and can be seen from far away.


Message History

You slice the shambling mangrove!! You burn the shambling mangrove.
The shambling mangrove is severely damaged.
Angry insects surge out from beneath the shambling mangrove's foliage!
You block the shambling mangrove's attack.
The grasping roots constrict you!
You slice the shambling mangrove!! You burn the shambling mangrove.
The shambling mangrove is almost destroyed.
You slash the hornet! You burn the hornet.
The hornet stings you but does no damage.
The shambling mangrove hits you! The grasping roots constrict you!
You completely miss the hornet.
The hornet is heavily wounded.
You hit the hornet. You burn the hornet. You barely miss the hornet.
You slash the shambling mangrove! You burn the shambling mangrove.
The hornet closely misses you. You block the hornet's attack.
The hornet stings you but does no damage.
You slash the hornet! You burn the hornet.
You kill the hornet!
You hit the hornet but do no damage. You slice the hornet!!
You burn the hornet.
You hit the shambling mangrove but do no damage.
The hornet stings you.
You suddenly lose the ability to move!
The hornet stings you but does no damage.
The shambling mangrove hits you! The grasping roots constrict you.
The hornet stings you but does no damage. x2
The hornet stings you!
* * * LOW HITPOINT WARNING * * *
You feel yourself slow down.
The hornet stings you but does no damage.
The shambling mangrove hits you!
* * * LOW HITPOINT WARNING * * *
The grasping roots constrict you!
* * * LOW HITPOINT WARNING * * *
The alligator bites you.
* * * LOW HITPOINT WARNING * * *
The alligator tail-slaps you but does no damage.
The hornet stings you but does no damage. x2
The alligator bites you!
You die...
Your body crumbles into a pile of gold.

~♣~♣♣ ♣.~~~~♣♣♣ ~~v♣
♣~~~~§~.♣♣♣♣ ♣fw♣ ♣ ♣~~~~....~~♣
♣>.♣ ♣. ♣♣~~^.$$~~..♣ ♣..♣ ♣~
♣<§~.~$~$$.~♣♣ ♣.<♣ ♣~~
♣♣♣.~♣.♣$~..<~~♣ ♣~~~♣♣..♣
♣.!♣♣♣.......~♣.~~~♣♣ ♣~~~.♣♣~.♣
♣~.§~~~~.♣♣~....~~.♣ >..~~♣♣~.♣♣
♣.~y@$.~.♣♣....~~~~.♣
.♣...♣.~~.♣
♣.~fty.............♣♣
.~~~...~~~.♣~~~~..♣...♣~♣.....♣♣
~~~.~~~♣.~~)..~♣♣♣♣♣♣..>♣....♣♣
§~~~~~~~.~~~~~♣ ♣♣♣......♣
~..~.~.....~.. ♣♣♣...♣♣ ..<♣
.../. ♣.♣♣ ..♣~~~~..≈.~§ ♣ ~♣
~i.~~....


You could see a shambling mangrove, an alligator and 2 hornets.

Vanquished Creatures
  4 eleionomae
  A bunyip (Swamp:1)
  2 rakshasas
  8 vault guards (D:14)
  Erolcha (D:13)
  6 hydras
  4 boulder beetles
  A ghost crab (Swamp:1)
  A catoblepas (Lair:2)
  7 centaur warriors
  9 two-headed ogres
  6 death yaks
  9 alligators
  3 tengu warriors
  5 orc high priests (Orc:2)
  4 thrashing horrors (Lair:5)
  6 skeletal warriors (D:14)
  3 skysharks
  5 spriggan druids
  2 swamp dragons (Swamp:2)
  4 goliath frogs
  2 lindwurms
  A necromancer (D:15)
  3 bog bodies
  A wizard (D:15)
  An oklob plant (D:11)
  A deep elf zephyrmancer (D:15)
  9 orc knights
  7 cyclopes
  A wolf spider (D:15)
  2 deep elf pyromancers
  An orc sorcerer (D:15)
  An ugly thing (D:14)
  A will-o-the-wisp (Swamp:1)
  7 manticores
  11 elephants
  3 centaur zombies
  8 black mambas
  A smoke demon (Lair:5)
  3 gargoyles
  A cane toad (shapeshifter) (D:14)
  13 cane toads
  2 unseen horrors (D:10)
  13 komodo dragons
  A freezing wraith (D:14)
  An efreet (D:15)
  6 tyrant leeches
  An ancient zyme (Lair:5)
  A polar bear (Lair:3)
  10 trolls
  A bloated husk (Swamp:1)
  7 dream sheep (Lair:5)
  7 hornets
  17 blink frogs
  15 slime creatures
  2 centaur simulacra
  A shadow (D:11)
  7 spriggans
  37 yaks
  5 wyverns
  5 ynoxinuls (Lair:5)
  3 wraiths
  5 basilisks
  2 chaos spawn (Lair:5)
  10 vampire mosquitoes
  A warg (Orc:1)
  Menkaure (D:4)
  8 swamp worms
  A harpy simulacrum (D:15)
  2 acid dragons
  10 water moccasins
  40 orc warriors
  Pargi (D:3)
  2 ice beasts (D:6)
  2 black bears
  3 large abominations (Lair:5)
  5 ogres
  5 wolves (Lair:5)
  5 centaurs
  A kobold brigand (D:11)
  6 small abominations (Lair:5)
  12 bullfrogs
  A gnoll sergeant (D:9)
  A bullfrog (shapeshifter) (D:14)
  3 scorpions
  6 wights
  22 killer bees
  An electric eel (Lair:2)
  3 howler monkeys
  A jelly (D:4)
  3 gnoll boudas
  Crazy Yiuf (D:4)
  29 orc priests
  Ijyb (D:3)
  A sleepcap (D:4)
  Terence (D:3)
  5 iguanas
  Natasha (thrice) (D:3)
  10 orc wizards
  8 adders
  18 gnolls
  4 white imps
  3 worms
  2 dart slugs
  69 orcs
  3 endoplasms (D:1)
  2 giant cockroaches
  6 goblins
  6 hobgoblins
  9 jackals
  15 kobolds
  4 quokkas
  6 ball pythons
  4 bats
  3 frilled lizards
  2 rats
689 creatures vanquished.

Vanquished Creatures (others)
  A naga mage (D:15)
  2 bloated husks (Swamp:2)
  An orc (Orc:2)
  8 foxfires (Swamp:1)
12 creatures vanquished.

Grand Total: 701 creatures vanquished

Notes
Turn   | Place    | Note
-------+----------+-------------------------------------------
     0 | D:1      | Chodeload the Barachi Wanderer began the quest for the Orb.
     0 | D:1      | Chodeload set off with the following items: a +3 hand axe,
                  | a +0 short sword, a potion of heal wounds, a +0 leather
                  | armour.
     0 | D:1      | Reached XP level 1. HP: 15/15 MP: 1/1
    77 | D:1      | Reached XP level 2. HP: 13/21 MP: 2/2
   228 | D:1      | Reached skill level 1 in Armour
   688 | D:1      | Reached XP level 3. HP: 27/27 MP: 3/3
  1362 | D:2      | Identified the +9 whip "Dragon's Tongue" {vamp, rElec rF+
                  | Str+3}
  1562 | D:3      | Reached XP level 4. HP: 34/34 MP: 4/4
  1789 | D:3      | Noticed Pargi
  1796 | D:3      | Killed Pargi
  1797 | D:3      | Reached XP level 5. HP: 39/41 MP: 5/5
  1828 | D:3      | Noticed Natasha
  1853 | D:3      | Killed Natasha
  1883 | D:3      | Noticed Terence
  1895 | D:3      | Killed Terence
  1918 | D:3      | Noticed Natasha
  1920 | D:3      | Killed Natasha
  1921 | D:3      | Reached XP level 6. HP: 42/48 MP: 6/6
  1995 | D:3      | Noticed Natasha
  2003 | D:3      | Killed Natasha
  2222 | D:3      | Noticed Ijyb
  2234 | D:3      | Killed Ijyb
  2446 | D:4      | Reached skill level 1 in Maces & Flails
  2481 | D:4      | Found a shimmering altar of Xom.
  2592 | D:5      | Entered Level 5 of the Dungeon
  2655 | D:4      | Found a runed translucent door.
  2656 | D:4      | Noticed Crazy Yiuf
  2664 | D:4      | Killed Crazy Yiuf
  2665 | D:4      | Reached XP level 7. HP: 52/55 MP: 7/7
  2936 | D:4      | Noticed Menkaure
  2951 | D:4      | Killed Menkaure
  2976 | D:4      | Reached skill level 5 in Fighting
  3277 | D:5      | Reached skill level 5 in Armour
  3376 | D:5      | Reached skill level 5 in Dodging
  3421 | D:5      | Reached XP level 8. HP: 63/63 MP: 8/8
  3999 | D:6      | Found a bloodstained altar of Trog.
  4023 | D:6      | Found a staircase to the Ecumenical Temple.
  4028 | Temple   | Entered the Ecumenical Temple
  4123 | Temple   | Upgraded the game from 0.30.0-11-gf55b779eaf to
                  | 0.30.0-13-g156ef70053
  4168 | Temple   | Became a worshipper of Gozag Ym Sagoz the Greedy
  4269 | D:6      | Identified the +9 hand axe of the Dark Horse {heavy, rElec
                  | rC+}
  4280 | D:6      | Reached skill level 5 in Axes
  4284 | D:6      | Identified the +1 mace "Ogrebane" {flame, Fragile rCorr
                  | Str+6}
  4347 | D:6      | Found a stormy altar of Qazlal.
  4410 | D:6      | Reached XP level 9. HP: 72/72 MP: 9/9
  4690 | D:7      | Noticed a boulder beetle
  4702 | D:7      | Noticed a cyclops
  4714 | D:7      | Killed a cyclops
  4754 | D:7      | Noticed a troll
  4765 | D:7      | Killed a troll
  4775 | D:7      | Noticed a komodo dragon
  4789 | D:7      | Killed a komodo dragon
  4952 | D:7      | Reached skill level 10 in Fighting
  4952 | D:7      | Reached XP level 10. HP: 85/85 MP: 10/10
  4990 | D:7      | Killed a boulder beetle
  5006 | D:8      | Noticed a cyclops
  5006 | D:8      | Found a shimmering altar of Xom.
  5199 | D:7      | Reached skill level 10 in Axes
  5372 | D:8      | Found a sparkling altar of Nemelex Xobeh.
  5372 | D:8      | Noticed a manticore
  5386 | D:8      | Killed a manticore
  5597 | D:8      | Killed a cyclops
  6284 | D:8      | Identified the +5 leather armour "Fonait" {*Slow rF+ Int+4}
  6501 | D:9      | Found Deiwnoly's Magic Scroll Emporium.
  6507 | D:9      | Bought a scroll of fog for 48 gold pieces
  6507 | D:9      | Bought a scroll of enchant weapon for 90 gold pieces
  6507 | D:9      | Bought a scroll of poison for 48 gold pieces
  6507 | D:9      | Bought a scroll of identify for 24 gold pieces
  6507 | D:9      | Bought a scroll of identify for 24 gold pieces
  6515 | D:9      | Noticed a two-headed ogre
  6541 | D:9      | Killed a two-headed ogre
  6542 | D:9      | Reached XP level 11. HP: 90/90 MP: 11/11
  6571 | D:9      | Found a staircase to the Orcish Mines.
  6764 | D:9      | Learned a level 1 spell: Apportation
  6767 | D:9      | Learned a level 2 spell: Blink
  6770 | D:9      | Learned a level 2 spell: Lesser Beckoning
  6798 | D:9      | Found an iron altar of Okawaru.
  6949 | D:9      | Found a radiant altar of Vehumet.
  7382 | D:9      | Reached skill level 1 in Translocations
  7563 | D:10     | Entered Level 10 of the Dungeon
  7649 | D:10     | Noticed a two-headed ogre
  7667 | D:10     | Killed a two-headed ogre
  8200 | D:10     | Found a hide-covered altar of Uskayaw.
  8449 | D:11     | Noticed a manticore
  8463 | D:11     | Killed a manticore
  8527 | D:11     | Reached skill level 15 in Axes
  8639 | D:11     | Found a basalt altar of Yredelemnul.
  8795 | D:11     | Found a staircase to the Lair.
  8795 | D:11     | Noticed an oklob plant
  8970 | D:11     | Noticed a two-headed ogre
  8974 | D:11     | Noticed a two-headed ogre
  8977 | D:11     | Killed a two-headed ogre
  8978 | D:11     | Reached XP level 12. HP: 91/98 MP: 10/12
  8990 | D:11     | Killed a two-headed ogre
  9694 | Lair:1   | Entered Level 1 of the Lair of Beasts
  9887 | Orc:1    | Entered Level 1 of the Orcish Mines
 10225 | Orc:2    | Entered Level 2 of the Orcish Mines
 10828 | Orc:2    | Found a staircase to the Elven Halls.
 11421 | Orc:2    | Noticed an orc high priest
 11552 | D:9      | Bought the scarf of Duty {repulsion, rElec Will+ Regen+
                  | Dex-2} for 304 gold pieces
 11563 | D:9      | Bought a +3 chain mail of poison resistance for 282 gold
                  | pieces
 12084 | Lair:2   | Reached skill level 1 in Shields
 12125 | Lair:1   | Gained mutation: You can hop long distances. [Barachi
                  | growth]
 12125 | Lair:1   | Reached XP level 13. HP: 108/108 MP: 13/13
 12519 | Lair:2   | Found a hole to the Spider Nest.
 12553 | Lair:2   | Reached skill level 5 in Shields
 12869 | Lair:2   | Reached skill level 1 in Evocations
 13254 | Lair:2   | Reached skill level 5 in Evocations
 13319 | Lair:2   | Found a staircase to the Swamp.
 13773 | Lair:3   | Identified the +3 chain mail of the Loofah {Int+3}
 13876 | Lair:3   | Reached skill level 10 in Shields
 14229 | Lair:3   | Reached XP level 14. HP: 81/116 MP: 8/14
 14346 | Lair:4   | Found a staircase to the Slime Pits.
 14634 | Lair:5   | Entered Level 5 of the Lair of Beasts
 14645 | Lair:5   | Reached skill level 10 in Armour
 14713 | Lair:4   | Found a hide-covered altar of Uskayaw.
 15096 | Lair:5   | Reached skill level 10 in Dodging
 15812 | Lair:5   | Reached skill level 15 in Fighting
 16249 | Lair:5   | Found a corrupted altar of Lugonu.
 16249 | Lair:5   | Found a one-way gate to the infinite horrors of the Abyss.
 16267 | Lair:5   | Identified the staff of fire "Hiv Miem" {rF+ SInv}
 16903 | Orc:2    | Reached XP level 15. HP: 115/129 MP: 11/15
 17200 | Orc:2    | Found Melihei's Assorted Antiques.
 17200 | Orc:2    | Found Qixiud's Weapon Shop.
 17201 | Orc:2    | Found Dil Daong's Magic Scroll Shop.
 17201 | Orc:2    | Found Neol's Assorted Antiques.
 17211 | Orc:2    | Bought a cyan potion for 27 gold pieces
 17217 | Orc:2    | Bought a scroll of amnesia for 44 gold pieces
 17217 | Orc:2    | Bought a scroll of enchant weapon for 82 gold pieces
 17217 | Orc:2    | Bought a scroll of fog for 44 gold pieces
 17217 | Orc:2    | Bought a scroll of teleportation for 33 gold pieces
 17218 | Orc:2    | Bought a scroll of blinking for 217 gold pieces
 17223 | Orc:2    | Bought a +1 kite shield of cold resistance for 280 gold
                  | pieces
 17241 | Orc:2    | Bought a scroll of identify for 22 gold pieces
 17241 | Orc:2    | Bought a scroll of identify for 22 gold pieces
 17241 | Orc:2    | Identified a scroll of acquirement
 17242 | Orc:2    | Acquired the amulet of Jemmechi {Acrobat rF+ rN+ rCorr
                  | MP+9}
 17354 | D:9      | Bought the +0 pair of boots "Ururulaji" {Will+} for 205
                  | gold pieces
 17879 | D:13     | Noticed Erolcha
 18159 | D:13     | Killed Erolcha
 18242 | D:12     | Reached skill level 15 in Armour
 18933 | D:15     | Entered Level 15 of the Dungeon
 19069 | D:14     | Found a gate to the Vaults.
 19414 | D:14     | Reached XP level 16. HP: 133/138 MP: 16/16
 19798 | D:15     | Found Ogouc's Fire Supplies.
 19871 | D:15     | Found a staircase to the Depths.
 20056 | D:15     | Identified the +3 mace of Wu Jian's Whim {venom, rCorr}
 20383 | D:15     | Found a portal to a secret trove of treasure.
 20760 | Orc:2    | Bought a scroll of enchant weapon for 225 gold pieces
 21040 | Swamp:1  | Entered Level 1 of the Swamp
 21276 | Swamp:2  | Reached skill level 10 in Evocations
 21741 | Swamp:3  | Noticed a thorn hunter
 22138 | Swamp:3  | Paralysed by a hornet for 3 turns
 22140 | Swamp:3  | Slain by an alligator

Illustrated notes

Levels and vault maps discovered:
D:1:      denvon_arrival_waterhouse, layout_basic, nicolae_eternal_life,
          hangedman_glass_teeth
D:2:      layout_basic, chequers_big_river
D:3:      layout_basic, minmay_tree_intersection, grunt_decor_junction,
          uniq_ijyb, uniq_terence, uniq_pargi, uniq_natasha
D:4:      layout_loops_ring, kennysheep_little_box, uniq_menkaure,
          uniq_crazy_yiuf_cottage
D:5:      layout_basic
D:6:      layout_cave_pools, temple_doors_e, hangedman_feature_mirror
D:7:      layout_loops_ring, minmay_shattered_shrine
D:8:      layout_loops_corners, hangedman_feature_mirror, minmay_crystal_room
D:9:      kennysheep_blocky_hall, layout_layer_cave, fiery_altar_vehumet,
          okawaru_gym_becter, david_orc_4, serial_shops,
          nicolae_shop_tiny_waterfront
D:10:     layout_basic, lemuel_crystal_altar
D:11:     layout_basic, dpeg_oklobed_lair, lemuel_zombie_altar_yredelemnul
D:12:     layout_irregular_city
D:13:     minmay_cornered_nines, layout_rooms, uniq_erolcha
D:14:     layout_roguey, erik_vaults_2, serial_park_tiny_2, grunt_ministairs_8,
          minmay_alternating_orb
D:15:     grunt_enter_depths_magical_seal, layout_basic,
          nicolae_trove_entry_crystal, nicolae_shop_fire_sale
          [nicolae_sub_dead_trees]
Temple:   mainiacjoe_temple_coin_purse
Lair:1:   layout_hall_layers, grunt_megastairs_4
Lair:2:   layout_regular_city, swamp_mist_pool,
          nicolae_spider_entry_orb_guardian, beast_lair_carwin_9,
          infiniplex_staircase_pool
Lair:3:   layout_hall_layers, beast_lair_carwin_8
Lair:4:   layout_cave_pods, slime_entry_1, basic_altar
Lair:5:   hellmonk_lair_end_abyssal_woods, layout_cave_pods,
          grunt_forest_small_clearings, grunt_megastairs_2
Swamp:1:  layout_falls_marsh, nicolae_swamp_fairy_circle,
          nicolae_swamp_alligator_family
Swamp:2:  layout_basic_swamp, nicolae_swamp_small_spring
Swamp:3:  layout_falls_marsh, evilmike_swamp_ruin_house_6, swamp_pool4,
          hangedman_swamp_double_dragon
Orc:1:    layout_caves
Orc:2:    st_orc_pillars, layout_diamond_mine, statue_in_the_mist_lemuel

Skill      XL: |  1  2  3  4  5  6  7  8  9 10 11 12 13 14 15 16 |
---------------+-------------------------------------------------+-----
Armour         | 1 2 3 4 5 6 9 13 15 | 15.0
Fighting       | 2 3 4 5 7 10 12 15 16 17 | 17.9
Dodging        | 2 3 4 5 6 8 9 10 | 10.0
Maces & Flails | 1 3 4 |  4.7
Axes           | 5 8 12 15 16 17 | 17.7
Translocations | 3 |  3.0
Shields        | 2 10 | 10.0
Evocations     | 5 7 10 | 10.0
Short Blades   | |  3.2
Invocations    | |  1.0

Action                     |  1- 3 |  4- 6 |  7- 9 | 10-12 | 13-15 | 16-18 || total
---------------------------+-------+-------+-------+-------+-------+-------++-------
  Melee: Hand axe          |   112 |       |     6 |   128 |   637 |   113 ||   996
         Whip              |     2 |   101 |   226 |   721 |   755 |       ||  1805
         Punch             |       |       |     9 |    16 |       |       ||    25
         Broad axe         |       |       |       |       |       |   235 ||   235
   Fire: Arbalest          |       |       |       |     3 |       |       ||     3
  Throw: Stone             |     7 |     1 |     3 |       |       |       ||    11
         Throwing net      |       |       |       |     2 |       |       ||     2
         Boomerang         |       |       |       |    10 |     2 |       ||    12
 Invoke: Call Merchant     |       |       |       |     1 |     2 |       ||     3
Ability: Hop               |       |       |     1 |     1 |     6 |       ||     8
  Evoke: Wand              |       |       |     1 |       |     6 |       ||     7
    Use: Scroll            |     4 |     3 |     1 |     6 |    13 |    10 ||    37
   Stab: Invisible         |       |       |     2 |       |     1 |       ||     3
         Distracted        |       |       |       |     5 |     4 |     1 ||    10
         Sleeping          |       |       |       |     2 |       |       ||     2
         Petrified         |       |       |       |       |     4 |       ||     4
 Armour: Leather armour    |    39 |     2 |       |   131 |       |       ||   172
         Chain mail        |       |    47 |    92 |   181 |   492 |   160 ||   972
  Dodge: Dodged            |    65 |    44 |   107 |   443 |   426 |   154 ||  1239
         Repelled          |       |       |       |       |     3 |     6 ||     9
  Block: Kite shield       |       |       |       |     2 |   626 |   166 ||   794
